 Dungeon Crawl Stone Soup version 0.27.1-33-g824d729ab1 (webtiles) character file.

Game seed: 7134750480506034198

19196 pkoi the Grappler (level 12, -3/104 HPs)
             Began as a Troll Monk on Dec 14, 2021.
             Was a Priest of Qazlal.
             Slain by a gargoyle (12 damage)
             ... in a volcano.
             The game lasted 00:19:17 (11644 turns).

pkoi the Grappler (Troll Monk)                     Turns: 11644, Time: 00:19:18

Health: -3/104     AC:  9    Str: 23    XL:     12   Next: 34%
Magic:  17/17      EV: 13    Int:  9    God:    Qazlal [***...]
Gold:   885        SH:  4    Dex: 12    Spells: 9/11 levels left

rFire    + + .     SeeInvis .     - Unarmed
rCold    . . .     Faith    .   (no shield)
rNeg     . . .     Spirit   .   u - +0 steam dragon scales
rPois    .         Reflect  .   v - +2 hat {Will+}
rElec    .         Harm     .   (no cloak)
rCorr    .         Rampage  .   (gloves unavailable)
Will     +....                  (boots unavailable)
Stlth    +.........             (no amulet)
HPRegen  1.27/turn              p - ring of protection from fire
MPRegen  0.15/turn              z - ring of protection from fire

@: no status effects
A: large, unfitting armour, claws 3, regeneration 1, shaggy fur 1, tough skin 1
a: Renounce Religion, Upheaval, Elemental Force


You were in a volcano.
You worshipped Qazlal.
Qazlal was most pleased with you.
You visited 3 branches of the dungeon, and saw 15 of its levels.
You also visited: Bailey and Volcano.

You collected 885 gold pieces.

Inventory:

Hand Weapons
 m - a +2 dagger of freezing
Missiles
 c - 10 datura-tipped darts
 h - 6 curare-tipped darts
 l - 54 poisoned darts (quivered)
 x - 10 throwing nets
Armour
 a - a +1 robe
 u - +0 steam dragon scales (worn)
 v - a +2 hat of willpower (worn)
Jewellery
 g - a ring of fire
 p - a ring of protection from fire (left claw)
 z - a ring of protection from fire (right claw)
Wands
 q - a wand of acid (10)
 s - a wand of flame (13)
 w - a wand of digging (5)
 A - a wand of polymorph (9)
 B - a wand of iceblast (4)
Scrolls
 d - 5 scrolls of identify
 e - 11 scrolls of teleportation
 j - a scroll of enchant weapon
 k - 5 scrolls of magic mapping
 t - 4 scrolls of fear
 y - a scroll of acquirement {unknown}
Potions
 b - 3 potions of brilliance
 f - 3 potions of heal wounds
 i - a potion of might
 n - a potion of haste
 o - 3 potions of cancellation
 r - 2 potions of curing


   Skills:
 - Level 2.4 Fighting
 + Level 9.3 Dodging
 - Level 1.0 Stealth
 + Level 14.5 Unarmed Combat
 + Level 9.0 Invocations


You had 9 spell levels left.
You knew the following spells:

 Your Spells              Type           Power      Damage    Failure   Level
a - Blink                 Tloc           N/A        N/A       52%         2

Your spell library contained the following spells:

 Spells                   Type           Power      Damage    Failure   Level
 Corpse Rot               Necr/Air       N/A        N/A       52%         2
 Poisonous Vapours        Pois/Air       0%         N/A       52%         2
 Gell's Gravitas          Tloc           0%         N/A       77%         3
 Lesser Beckoning         Tloc           0%         N/A       77%         3
 Teleport Other           Tloc           0%         N/A       77%         3
 Freezing Cloud           Conj/Ice/Air   0%         6-21      100%        5
 Manifold Assault         Tloc           0%         N/A       100%        5


Dungeon Overview and Level Annotations

Branches:
Dungeon (13/15)            Temple (1/1) D:6            Lair (1/6) D:9
    Orc (0/2) D:11         Bailey (visited)         Volcano (1/1)
 Vaults: D:13-14

Altars:
Ashenzari
Cheibriados
Dithmenos
Elyvilon
Fedhas
Gozag
Hepliaklqana
Kikubaaqudgha
Makhleb
Nemelex Xobeh
Okawaru
Qazlal
Ru
Sif Muna
Trog
Uskayaw
Vehumet
Wu Jian
Xom
Yredelemnul
Zin
The Shining One
Beogh

Shops:
D:9 *(=[=   D:10 *   D:11 *


Innate Abilities, Weirdness & Mutations

You are too large for most types of armour.
You have claws for hands.
Your natural rate of healing is unusually fast.
You are covered in fur. (AC +1)
You have tough skin. (AC +1)


Message History

The stone arrow hits you!!
The molten gargoyle blasts magma at you!
The bolt of magma hits you! You partially resist.
You barely miss the molten gargoyle.
The molten gargoyle is severely damaged.
The molten gargoyle hits you with a +0 flail!
* * * LOW HITPOINT WARNING * * *
You are engulfed in flames.
You resist.
* * * LOW HITPOINT WARNING * * *
You scratch the molten gargoyle but do no damage.
The molten gargoyle is severely damaged.
Unknown command.
You scratch the molten gargoyle but do no damage.
Your claw misses the molten gargoyle.
The molten gargoyle is severely damaged.
The molten gargoyle blasts magma at you!
The bolt of magma hits you! You partially resist.
* * * LOW HITPOINT WARNING * * *
Unknown command.
You scratch the molten gargoyle.
The molten gargoyle is almost destroyed.
The molten gargoyle completely misses you.
Unknown command.
You mangle the molten gargoyle!!
You destroy the molten gargoyle!
Qazlal accepts your kill.
The gargoyle hits you with a +0 morningstar!
* * * LOW HITPOINT WARNING * * *
Unknown command.
You scratch the gargoyle.
The gargoyle is lightly damaged.
The gargoyle hits you with a +0 morningstar!
* * * LOW HITPOINT WARNING * * *
You scratch the gargoyle but do no damage.
The gargoyle is lightly damaged.
You mangle the gargoyle!!
You claw the gargoyle, but do no damage.
The gargoyle is almost destroyed.
The gargoyle hits you with a +0 morningstar!
You die...

### ##### #..###
##...####.....#
###..☼○§.........
#....)@9..[......
#......≈§§....≈≈...
.....≈≈§≈§..§§§≈≈≈≈
../..≈≈§§§§≈§§§≈≈≈≈
##..[.§§§§§§§§≈≈≈≈≈
##....≈≈≈.§≈§§§≈≈≈
##....≈..§§§§§≈≈≈
#..........≈§§≈.


You could see a gargoyle.

Vanquished Creatures
  Harold (D:9)
  A boulder beetle (D:12)
  A two-headed ogre (D:10)
  Urug (D:11)
  Sonja (D:11)
  A manticore (D:12)
  A cyclops (D:11)
  A black mamba (Lair:1)
  A gargoyle (D:12)
  A molten gargoyle (Volcano)
  2 unseen horrors
  2 ice devils (D:12)
  2 kobold demonologists
  A komodo dragon (D:9)
  2 trolls (D:10)
  A hornet (D:9)
  Grinder (D:3)
  4 blink frogs (Lair:1)
  5 slime creatures
  3 shadows (D:11)
  2 vampires
  Sigmund (D:7)
  2 wyverns
  6 yaks
  Edmund (D:7)
  3 steam dragons
  Menkaure (D:6)
  2 acid dragons
  3 water moccasins
  9 orc warriors
  3 sky beasts
  2 black bears (D:4)
  5 ogres
  7 centaurs
  A phantom (D:11)
  9 kobold brigands
  9 bullfrogs
  2 scorpions
  3 gnoll sergeants
  2 water moccasin skeletons
  2 troll zombies (D:11)
  13 wights
  2 howler monkeys
  2 jellies
  A bullfrog zombie (D:6)
  5 centaur zombies
  8 orc priests
  3 gnoll shamans
  4 hounds (D:8)
  3 bullfrog skeletons
  2 centaur skeletons
  2 iguanas (D:5)
  13 orc wizards
  4 ogre zombies (D:11)
  A howler monkey zombie (D:6)
  26 gnolls
  4 adders
  2 shadow imps (D:6)
  2 white imps (D:6)
  2 ufetubi (D:4)
  An adder skeleton (D:4)
  2 worms (D:3)
  2 dart slugs
  62 orcs
  9 bats
  4 endoplasms
  3 giant cockroaches (D:4)
  10 goblins
  4 hobgoblins
  8 jackals
  2 quokkas
  5 ball pythons
  4 frilled lizards
  2 goblin zombies (D:11)
  3 hobgoblin zombies (D:11)
  18 kobolds
  4 orc skeletons (D:11)
  10 orc zombies (D:11)
  4 rats
364 creatures vanquished.

Vanquished Creatures (others)
  A gnoll (D:8)
  A jackal (D:8)
  21 fungi
  13 plants (D:9)
36 creatures vanquished.

Grand Total: 400 creatures vanquished

Notes
Turn   | Place    | Note
-------+----------+-------------------------------------------
     0 | D:1      | pkoi the Troll Monk began the quest for the Orb.
     0 | D:1      | Reached XP level 1. HP: 22/22 MP: 0/0
    51 | D:1      | Reached XP level 2. HP: 25/29 MP: 1/1
   140 | D:1      | Reached skill level 4 in Unarmed Combat
   146 | D:1      | Reached XP level 3. HP: 36/36 MP: 2/2
   177 | D:1      | Found a faded altar of an unknown god.
   802 | D:3      | Noticed Grinder
   803 | D:3      | Paralysed by Grinder for 3 turns
   840 | D:3      | Paralysed by Grinder for 4 turns
   847 | D:3      | Paralysed by Grinder for 6 turns
   857 | D:3      | Killed Grinder
   858 | D:3      | Reached skill level 6 in Unarmed Combat
   858 | D:3      | Reached XP level 4. HP: 35/44 MP: 3/3
   858 | D:3      | Reached XP level 5. HP: 40/50 MP: 4/4
  1020 | D:3      | Reached XP level 6. HP: 56/59 MP: 5/5
  1152 | D:3      | Reached skill level 7 in Unarmed Combat
  1604 | D:3      | Noticed a sky beast
  1610 | D:3      | Killed a sky beast
  1863 | D:4      | Reached skill level 8 in Unarmed Combat
  1863 | D:4      | Reached XP level 7. HP: 49/66 MP: 6/6
  2204 | D:4      | Reached skill level 9 in Unarmed Combat
  2349 | D:4      | Found a burning altar of Makhleb.
  2838 | D:5      | Entered Level 5 of the Dungeon
  2912 | D:5      | Reached XP level 8. HP: 74/74 MP: 7/7
  2943 | D:5      | Reached skill level 10 in Unarmed Combat
  3427 | D:6      | Reached skill level 11 in Unarmed Combat
  3672 | D:6      | Found a staircase to the Ecumenical Temple.
  3689 | D:6      | Reached XP level 9. HP: 72/80 MP: 8/8
  3711 | Temple   | Entered the Ecumenical Temple
  3857 | Temple   | Became a worshipper of Qazlal Stormbringer
  3857 | Temple   | Reached * piety under Qazlal
  3857 | Temple   | Reached ** piety under Qazlal
  3895 | D:6      | Noticed Menkaure
  3909 | D:6      | Killed Menkaure
  3991 | D:6      | Reached skill level 1 in Invocations
  5053 | D:7      | Noticed Sigmund
  5059 | D:7      | Killed Sigmund
  5108 | D:7      | Noticed Edmund
  5112 | D:7      | Killed Edmund
  5113 | D:7      | Reached skill level 5 in Dodging
  5113 | D:7      | Reached skill level 12 in Unarmed Combat
  5324 | D:8      | Reached XP level 10. HP: 86/88 MP: 12/12
  5351 | D:8      | Learned a level 2 spell: Blink
  5510 | D:8      | Reached *** piety under Qazlal
  5950 | D:8      | Reached skill level 5 in Invocations
  6238 | D:9      | Found Vokub's Antique Weapon Shoppe.
  6281 | D:9      | Found Ducvuelar's Antique Armour Emporium.
  6331 | D:9      | Found Osea's Jewellery Boutique.
  6372 | D:9      | Reached **** piety under Qazlal
  6411 | D:9      | Reached skill level 13 in Unarmed Combat
  6469 | D:9      | Noticed Harold
  6483 | D:9      | Killed Harold
  6484 | D:9      | Reached XP level 11. HP: 53/94 MP: 2/14
  6490 | D:9      | Found a staircase to the Lair.
  6574 | D:9      | Found Hacy's General Store.
  6622 | D:9      | Found a flagged portal.
  6622 | D:9      | Found Caoneus's Jewellery Shoppe.
  6669 | Bailey   | Entered a bailey
  7279 | D:10     | Entered Level 10 of the Dungeon
  7873 | D:10     | Noticed a two-headed ogre
  7881 | D:10     | Killed a two-headed ogre
  8329 | D:10     | Found Melesch's Gadget Gallery.
  8557 | D:11     | Noticed Sonja
  8565 | D:11     | Killed Sonja
  8960 | D:11     | Noticed Urug
  8972 | D:11     | Killed Urug
  9133 | D:11     | Reached skill level 14 in Unarmed Combat
  9275 | D:11     | Found a staircase to the Orcish Mines.
  9620 | D:11     | Found Jybrula's General Store.
 10088 | D:12     | Reached XP level 12. HP: 35/104 MP: 17/17
 10777 | D:12     | Noticed a boulder beetle
 10788 | D:12     | Killed a boulder beetle
 11175 | D:13     | Noticed a vault guard
 11247 | Lair:1   | Entered Level 1 of the Lair of Beasts
 11610 | Lair:1   | Found a dark tunnel.
 11625 | Volcano  | Entered a volcano
 11644 | Volcano  | Slain by a gargoyle

Illustrated notes

Levels and vault maps discovered:
D:1:      lightli_arrival_chessboard, layout_loops_ring,
          hellmonk_ecumenical_altar_heavens_door,
          hangedman_abyss_or_decor_lesser_grid
D:2:      minmay_door_path, layout_loops_cross, hex_medium
D:3:      layout_basic, uniq_grinder
D:4:      layout_loops_corners, mainiacjoe_overflow_surrounded_room,
          minmay_fractal_squares_diagonal_5
D:5:      layout_cave_pools
D:6:      minmay_diamond_boxcup, layout_basic, minmay_temple_entry_mini_moons,
          uniq_menkaure
D:7:      layout_basic, sigmund_edmund_badplayer
D:8:      layout_cave_pools, special_room [special_room_kobold],
          serial_gnoll_camp, gnoll_camp_mini_basic, gnoll_camp_mini_hut,
          gnoll_camp_mini_hut, gnoll_camp_medium_02, gnoll_camp_mini_hut,
          minivault_27
D:9:      layout_roguey, due_lair_maze_entry_diamond, enter_bailey_6,
          serial_shops, nicolae_diamond_shop, nicolae_diamond_shop, shop, shop,
          shop, minmay_misc_feat_four_crosses, uniq_harold
D:10:     layout_cave_pools, special_room [special_room_orc],
          nicolae_shop_gadgets
D:11:     layout_basic, zombieorc1_lemuel, serial_shops, kennysheep_mini,
          kennysheep_decorative_pillar, uniq_sonja, uniq_urug
D:12:     layout_loops_ring, gauntlet_entry_generic,
          portal_ice_cave_demonic_guard
D:13:     layout_layer_cave, grunt_vaults_entry_fortified,
          nicolae_shop_firing_range
Temple:   kilobyte_greek_temple
Lair:1:   layout_regular_city, nicolae_volcano_entry_lava_flow, minivault_24
Volcano:  volcano_overflow

Skill      XL: |  1  2  3  4  5  6  7  8  9 10 11 12 |
---------------+-------------------------------------+-----
Unarmed Combat | 4 6 8 9 11 12 13 14 | 14.5
Dodging        | 3 5 7 8 9 |  9.3
Invocations    | 4 6 8 9 |  9.0
Fighting       | |  2.4
Stealth        | |  1.0

Action                   |  1- 3 |  4- 6 |  7- 9 | 10-12 || total
-------------------------+-------+-------+-------+-------++-------
Melee: Unarmed           |    80 |    85 |   242 |   609 ||  1016
       Punch             |     3 |     2 |    12 |    31 ||    48
Throw: Dart              |       |       |     1 |     5 ||     6
Invok: Upheaval          |       |       |     2 |    20 ||    22
  Use: Scroll            |       |       |     8 |     7 ||    15
       Potion            |       |       |       |     9 ||     9
 Stab: Sleeping          |     2 |     3 |     4 |       ||     9
Armor: Robe              |    36 |    23 |    37 |       ||    96
       Steam dragon scal |       |       |    12 |   222 ||   234
Dodge: Dodged            |    49 |    22 |   100 |   291 ||   462
       Repelled          |       |       |       |     1 ||     1
Block: Other             |       |       |     7 |   128 ||   135
